 Dungeon Crawl Stone Soup version 0.18.1-8-gdd0e5ea (webtiles) character file.

185 sugabear the Ducker (level 5, -1/27 HPs)
             Began as a Vine Stalker Gladiator on May 31, 2016.
             Succumbed to a worker ant's poison
             ... on level 4 of the Dungeon.
             The game lasted 00:03:14 (3106 turns).

sugabear the Ducker (Vine Stalker Gladiator)        Turns: 3106, Time: 00:03:14

Health: -1/27      AC:  6    Str: 18    XL:     5   Next: 64%
Magic:  6/6        EV:  7    Int:  8    God:
Gold:   120        SH:  0    Dex: 15    Spells: 0 memorised, 4 levels left

rFire  . . .     SeeInvis .     a - +0 flail
rCold  . . .     Gourm    .     p - +0 ring mail
rNeg   . . .     Faith    .     o - +0 large shield
rPois  .         Spirit   +     c - +0 helmet
rElec  .         Dismiss  .     (no cloak)
rCorr  .         Reflect  .     (no gloves)
SustAt .         Harm     .     (no boots)
MR     .....                    (no amulet)
Stlth  ..........               (no ring)
                                (no ring)

@: confused, lethally poisoned (-1 -> -20), very slightly contaminated,
invisible, not resistant to hostile enchantments, extremely unstealthy
A: fangs 2, regeneration 1, magic shield, antimagic bite, no device heal 3, rot
immunity
a: no special abilities


You were on level 4 of the Dungeon.
You were not hungry.

You visited 1 branch of the dungeon, and saw 4 of its levels.

You collected 120 gold pieces.

Inventory:

Hand Weapons
 a - a +0 flail (weapon)
Missiles
 d - 3 throwing nets (quivered)
Armour
 c - a +0 helmet (worn)
 o - a +0 large shield (worn)
 p - a +0 ring mail (worn)
Jewellery
 u - an uncursed ring of protection from fire {unknown}
Wands
 x - a wand of lightning (3/15)
Scrolls
 b - a scroll of amnesia {unknown}
 g - 4 scrolls of remove curse {unknown}
 i - 2 scrolls of immolation {unknown}
 l - 2 scrolls of fear {unknown}
 m - a scroll of magic mapping {unknown}
 n - a scroll of noise {unknown}
 q - a scroll of enchant armour {unknown}
 w - 2 scrolls of identify {unknown}
 y - a scroll of teleportation {unknown}
Potions
 t - a potion of heal wounds {unknown}
 v - a potion of degeneration {unknown}
 B - 2 potions of curing {unknown}
Comestibles
 f - 2 bread rations
 j - a beef jerky
 k - 5 fruits
 r - a meat ration
 z - 2 chunks of flesh
 A - a royal jelly


   Skills:
 + Level 2.4 Fighting
 + Level 3.2 Maces & Flails
 + Level 1.9 Throwing
 + Level 1.7 Armour
 + Level 3.5 Dodging
 + Level 0.3 Stealth
 + Level 1.2 Shields


You had 4 spell levels left.
You didn't know any spells.

Dungeon Overview and Level Annotations

Branches:
Dungeon (4/15)
 Temple: D:4-7

Altars:
Nemelex Xobeh
Pakellas
Ru


Innate Abilities, Weirdness & Mutations

You have extremely sharp teeth.
Your natural rate of healing is unusually fast.
When hurt, damage is shared between your health and your magic reserves.
Your bite disrupts and absorbs the magic of your enemies.
Potions and wands cannot restore your health.
You are immune to rotting.


Message History

You are very lightly contaminated with residual magic.
Unknown command.
Drink which item? (? for menu, Esc to quit)
It was a potion of cure mutation.
It has a very clean taste.
* * * LOW HITPOINT WARNING * * *
You feel sick.
The worker ant waves its antennae.
The worker ant closely misses you.
Unknown command.
Drink which item? (? for menu, Esc to quit)
It was a potion of ambrosia.
You are confused.
You feel invigorated.
* * * LOW HITPOINT WARNING * * *
You feel sick. The worker ant bites you.
* * * LOW HITPOINT WARNING * * *
You are more poisoned.
The worker ant poisons you!
You bump into the rock wall.
You die...

#######+# #.......#
#..^....# #.......#
#.......###
#.........#
#.........#
#+#######!........#
#.....a@..........#
#....#######..#...#
#.. #.##.### #
##†...# ####...[.#
#...<....######
#.#####.......# #
#......####.#
#.######


You could see a worker ant.

Vanquished Creatures
  An iguana (D:4)
  A worker ant (D:3)
  6 adders
  2 oozes
  A dart slug (D:4)
  3 giant geckos
  2 orcs
  6 bats
  3 giant cockroaches
  8 hobgoblins
  4 jackals (D:2)
  4 quokkas
  A ball python (D:1)
  4 giant newts
  9 goblins
  7 kobolds
  5 rats
67 creatures vanquished.

Notes
Turn   | Place    | Note
--------------------------------------------------------------
     0 | D:1      | sugabear the Vine Stalker Gladiator began the quest for the Orb.
     0 | D:1      | Reached XP level 1. HP: 11/11 MP: 2/2
   254 | D:1      | Reached XP level 2. HP: 9/15 MP: 0/3
   818 | D:1      | Reached XP level 3. HP: 14/18 MP: 4/4
  1165 | D:2      | Reached XP level 4. HP: 6/23 MP: 2/5
  1373 | D:2      | Reached skill level 1 in Armour
  1435 | D:2      | Found a sparkling altar of Nemelex Xobeh.
  2174 | D:3      | Found an oddly glowing altar of Pakellas.
  2191 | D:3      | Reached XP level 5. HP: 26/26 MP: 6/6
  2353 | D:3      | Found a sacrificial altar of Ru.
  2838 | D:3      | You fall through a shaft!
  2844 | D:4      | Reached skill level 1 in Shields
  3106 | D:4      | Succumbed to a worker ant's poison

Skill      XL: |  1  2  3  4  5 |
---------------+----------------+-----
Dodging        | 3 |  3.5
Fighting       | 2 |  2.4
Maces & Flails | 3 |  3.2
Armour         | 1 |  1.7
Shields        | 1 |  1.2
Throwing       | |  1.9
Stealth        | |  0.3

Action                   |  1- 3 |  4- 6 || total
-------------------------+-------+-------++-------
Melee: Flail             |    83 |   112 ||   195
       Bite              |    15 |    32 ||    47
  Use: Potion            |       |     3 ||     3
 Stab: Sleeping          |     1 |       ||     1
  Eat: Chunk             |     1 |     6 ||     7
Armor: Leather armour    |    18 |       ||    18
       Ring mail         |       |    38 ||    38
Dodge: Dodged            |    56 |    36 ||    92
Block: Large shield      |       |    65 ||    65
